 Dungeon Crawl Stone Soup version 0.28-a0-773-g130ae17fe5 (webtiles) character file.

Game seed: 9735826319105817028

33 cheechan the Ducker (level 3, -7/24 HPs)
             Began as an Octopode Gladiator on Nov 1, 2021.
             Killed by divine providence
             ... invoked by an orc priest
              (12 damage)
             ... on level 2 of the Dungeon.
             The game lasted 00:02:30 (664 turns).

cheechan the Ducker (Octopode Gladiator)             Turns: 664, Time: 00:02:31

Health: -7/24      AC:  1    Str: 14    XL:     3   Next: 29%
Magic:  3/3        EV: 14    Int: 10    God:
Gold:   32         SH:  0    Dex: 13    Spells: 2/2 levels left

rFire   . . .      SeeInvis .   a - +0 long sword
rCold   . . .      Faith    .   (no shield)
rNeg    . . .      Spirit   .   b - +0 hat
rPois   .          Reflect  .   (no amulet)
rElec   .          Harm     .   (no ring)
rCorr   .          Rampage  .   (no ring)
Will    .....                   (no ring)
Stlth   +++.......              (no ring)
HPRegen 0.08/turn               (no ring)
MPRegen 0.08/turn               (no ring)
                                (no ring)
                                (no ring)

@: no status effects
A: almost no armour, amphibious, 8 rings, camouflage 1, gelatinous body 1,
(nimble swimmer 1), tentacles
a: no special abilities


You were on level 2 of the Dungeon.
You visited 1 branch of the dungeon, and saw 3 of its levels.

You collected 32 gold pieces.

Inventory:

Hand Weapons
 a - a +0 long sword (weapon)
Missiles
 c - 3 throwing nets
 e - 5 datura-tipped darts
 g - 22 arrows
 h - 11 boomerangs (quivered)
 j - 26 sling bullets
Armour
 b - a +0 hat (worn)
Scrolls
 d - a scroll of identify
Potions
 f - 2 potions of haste
 i - a potion of mutation {unknown}


   Skills:
 + Level 2.2 Fighting
 + Level 3.3 Long Blades
 + Level 2.1 Throwing
 + Level 3.6 Dodging
 + Level 1.1 Stealth


You had 2 spell levels left.
You didn't know any spells.
Your spell library contained the following spells:

 Spells                   Type           Power      Damage    Failure   Level
 Animate Skeleton         Necr           0%         N/A       36%         1
 Apportation              Tloc           0%         N/A       36%         1
 Summon Small Mammal      Summ           0%         N/A       36%         1


Dungeon Overview and Level Annotations

Branches:
Dungeon (3/15)

Altars:

Shops:
D:1 *


Innate Abilities, Weirdness & Mutations

You cannot wear most types of armour.
You are amphibious.
You can wear up to eight rings at the same time.
Your skin changes colour to match your surroundings (Stealth+).
Your rubbery body absorbs attacks. (AC +1, EV +1)
((You are camouflaged near water. (Stealth+)))
You have tentacles for arms and can constrict up to eight enemies at once.


Message History

There is an open door here.
There is an open door here.
There is a stone staircase leading down here.
You climb downwards.
Found 10 gold pieces.
Found a stone staircase leading up.
There is a stone staircase leading up here.
You now have 32 gold pieces (gained 10).
An adder comes into view.
There is a stone staircase leading up here.
You climb upwards.
Found a kite shield.
There is a stone staircase leading down here.
The helpless orc fails to defend itself.
You hit the orc. Your grab misses the orc.
The orc is moderately wounded.
The orc barely misses you.
You slash the orc!
You kill the orc!
Found a scroll labelled KUAGHI SORPHEELL.
The orc priest shouts!
The orc wizard shouts!
The orc shouts!
The orc shouts!
You slash the orc wizard! You grab the orc wizard.
The orc wizard is heavily wounded.
You constrict the orc wizard.
The orc wizard hits you with a +0 dagger.
* * * LOW HITPOINT WARNING * * *
The orc priest looks satisfied for a moment.
You hit the orc wizard but do no damage.
The orc wizard is heavily wounded.
You constrict the orc wizard.
The orc wizard hits you with a +0 dagger.
* * * LOW HITPOINT WARNING * * *
Unknown command.
You release your grip on the orc wizard.
There is a stone staircase leading down here.
The orc barely misses you. The orc wizard closely misses you.
The orc priest calls down the wrath of Beogh upon you.
Beogh smites you!
Ouch! That really hurt!
You die...

...# ...# ### #
...# ..#. ...#
#.#.## ...# .
... . ...# ?..
#.#.# ...#
##..####.#.#
.....
.....o.o...#
..... ......oo@#
.....
..[.............
################


You could see an orc priest, an orc wizard and 2 orcs.

Vanquished Creatures
  A worm (D:2)
  A dart slug (D:2)
  An orc (D:2)
  4 ball pythons
  2 endoplasms
  2 giant cockroaches
  2 goblins
  2 hobgoblins
  2 quokkas
  2 bats (D:1)
  A frilled lizard (D:1)
  2 kobolds (D:1)
  3 rats (D:1)
25 creatures vanquished.

Notes
Turn   | Place    | Note
-------+----------+-------------------------------------------
     0 | D:1      | cheechan the Octopode Gladiator began the quest for the
                  | Orb.
     0 | D:1      | Reached XP level 1. HP: 14/14 MP: 1/1
   148 | D:1      | Found Beoroen's General Store.
   182 | D:1      | Reached XP level 2. HP: 15/19 MP: 2/2
   474 | D:2      | Reached XP level 3. HP: 11/24 MP: 3/3
   522 | D:2      | Reached skill level 1 in Stealth
   664 | D:2      | Killed from afar by an orc priest

Illustrated notes

Levels and vault maps discovered:
D:1:      eino_arrival_water_cross, layout_loops_ring, serial_shops,
          nicolae_diamond_shop, ebering_ecumenical_altar_sacrificial
D:2:      layout_basic
D:3:      layout_loops_corners, minmay_misc_feat_chi, glass_columns_c,
          serial_bayou_lagoon_a, uniq_grinder

Skill      XL: |  1  2  3 |
---------------+----------+-----
Stealth        | 1 |  1.1
Fighting       | |  2.2
Long Blades    | |  3.3
Throwing       | |  2.1
Dodging        | |  3.6

Action                   || total
-------------------------++-------
Melee: Long sword        ||    40
       Constrict         ||    12
       Tentacles         ||     7
Throw: Boomerang         ||     1
  Use: Scroll            ||     1
 Stab: Sleeping          ||     7
Armor: Skin              ||     2
Dodge: Dodged            ||    29

Table legend: (Time is in decaauts)
 A = Elapsed time spent in this place.
 B = Non-inter-level travel time spent in this place.
 C = Inter-level travel time spent in this place.
 D = Time resting spent in this place.
 E = Time spent auto-exploring this place.
 F = Levels seen in this place.
 G = Mean time per level.
                   A        B        C        D        E       F      G
               +--------+--------+--------+--------+--------+-----+--------+
         Total |    673 |    673 |      0 |      0 |      0 |   3 |  224.3 |
       Dungeon |    673 |    673 |      0 |      0 |      0 |   3 |  224.3 |
               +--------+--------+--------+--------+--------+-----+--------+

Top non-repeatable levels by time:
     D:1: 372 daAuts
     D:2: 286 daAuts
     D:3: 14 daAuts
